[Event "Early-Titled-Tuesday-Blitz-February-20-2024"]
[Site "Chess.com"]
[Date "2024.02.20"]
[Round "2"]
[White "Hovik_Hayrapetyan"]
[Black "xakevicius91"]
[Result "1-0"]
[WhiteElo "2890"]
[BlackElo "2591"]
[TimeControl "180+1"]
[EndTime "8:15:26 PST"]
[Termination "Hovik_Hayrapetyan won by resignation"]

1. d4 Nf6 2. c4 e6 3. Nc3 Bb4 4. Nf3 b6 5. e3 Bb7 6. Bd3 O-O 7. O-O d5 8. cxd5 exd5 9. Bd2 a6 10. Ne5 Bd6 11.
f4 c5 12. Be1 Ne4 13. Nxe4 dxe4 14. Bc4 b5 15. Bxf7+ Rxf7 16. Nxf7 Kxf7 17. dxc5 Be7 18. Qh5+ Kg8 19. Rd1 Qf8 20. b4 Bc6 21. Bc3 a5 22. a3 axb4 23. axb4 Ra7 24. Qe5 Kh8 25. Qe6 Rd7 26.
Rxd7 Bxd7 27. Qxe4 Bc6 28. Qe6 Qd8 29. Qf7 Bf6 30.
Bxf6 gxf6 31. h3 Bd5 32. Rd1 1-0

[Event "Early-Titled-Tuesday-Blitz-February-20-2024"]
[Site "Chess.com"]
[Date "2024.02.20"]
[Round "2"]
[White "bipe137"]
[Black "Evgeny81"]
[Result "0-1"]
[WhiteElo "2519"]
[BlackElo "2766"]
[TimeControl "180+1"]
[EndTime "8:15:26 PST"]
[Termination "Evgeny81 won by resignation"]

1. d4 c5 2. c3 g6 3. Nf3 Bg7 4. h4 Nf6 5. Nbd2 d5 6. dxc5 Nc6 7. h5 Nxh5 8. e4 Nf6 9. exd5 Nxd5 10.
Nb3 Bg4 11. Be2 O-O 12. Bh6 Bxh6 13. Rxh6 Nf4 14. Nbd4 Nxg2+ 15. Kf1 Nf4 16. Rh4 Nxe2 17.
Rxg4 Nexd4 18. cxd4 Qd5 19. Rh4 Rad8 20. Qd2 Qxf3 21.
Qh6 Qd3+ 22. Kg1 g5 23. Kh2 Qg6 0-1

[Event "Early-Titled-Tuesday-Blitz-February-20-2024"]
[Site "Chess.com"]
[Date "2024.02.20"]
[Round "2"]
[White "carloseduar100"]
[Black "m_ezat"]
[Result "1-0"]
[WhiteElo "2337"]
[BlackElo "2525"]
[TimeControl "180+1"]
[EndTime "8:15:30 PST"]
[Termination "carloseduar100 won by checkmate"]

1. e4 e5 2. Nf3 Nc6 3. Nc3 Nf6 4. Nxe5 Nxe5 5. d4 Bb4 6. dxe5 Nxe4 7. Bd2 Nxd2 8.
Qxd2 d5 9. exd6 Qxd6 10. Qxd6 Bxd6 11. O-O-O a6 12. Bc4 O-O 13. h3 Bf5 14. g4 Bg6 15. Kb1 Rfe8 16. Bd5 Rab8 17. f3 Re3 18. Be4 Bxe4 19.
Nxe4 Rd8 20. Rhf1 Be7 21. Rxd8+ Bxd8 22. Kc1 Re2 23. Rd1 Bh4 24. Rd7 h6 25. Rxc7 b5 26.
Ra7 Rh2 27. Rxa6 Rxh3 28. Ra3 h5 29. gxh5 f5 30. Nd6 Be7 31. Ra8+ Kh7 32. Nxf5 Bg5+ 33. Kd1 Rxf3 34. Nd4 Rf2 35. Nxb5 Rd2+ 36. Ke1 Rxc2 37. b3 Kh6 38. Rh8# 1-0

[Event "Early-Titled-Tuesday-Blitz-February-20-2024"]
[Site "Chess.com"]
[Date "2024.02.20"]
[Round "2"]
[White "BozeKat"]
[Black "artooon"]
[Result "0-1"]
[WhiteElo "2131"]
[BlackElo "3045"]
[TimeControl "180+1"]
[EndTime "8:15:31 PST"]
[Termination "artooon won by checkmate"]

1. c4 Nf6 2. g3 e6 3. Bg2 d5 4.
b3 c5 5. cxd5 exd5 6. Nf3 Nc6 7.
d4 cxd4 8. Nxd4 Bb4+ 9. Kf1 O-O 10. Bb2 Re8 11. Nd2 Bc5 12. N2f3 Ne4 13. Rc1 Bb6 14. e3 Bg4 15. h3 Bh5 16. g4 Bg6 17. Nxc6 bxc6 18.
Rxc6 Qd7 19. Rc1 Nxf2 20. Kxf2 Rxe3 21. Bd4 Rd3 22. Qf1 Rxd4 23. Nxd4 Bxd4+ 24. Kg3 Qd6+ 25.
Kf3 Re8 26. g5 Bh5# 0-1

[Event "Early-Titled-Tuesday-Blitz-February-20-2024"]
[Site "Chess.com"]
[Date "2024.02.20"]
[Round "2"]
[White "BashirliSaadat"]
[Black "MyDream003"]
[Result "0-1"]
[WhiteElo "2363"]
[BlackElo "2735"]
[TimeControl "180+1"]
[EndTime "8:15:32 PST"]
[Termination "MyDream003 won by resignation"]

1. d4 g6 2. e3 Bg7 3. Bd3 Nf6 4. f4 c5 5. Nf3 b6 6. O-O Bb7 7. Nbd2 d6 8. c3 cxd4 9. exd4 Nbd7 10. Qe2 e6 11. b3 Qc7 12. Bb2 O-O 13. Rac1 Rfe8 14. Nc4 b5 15. Ncd2 a6 16. c4 b4 17. Ne4 a5 18. Nfd2 a4 19. Nxf6+ Nxf6 20. Ne4 axb3 21. Nxf6+ Bxf6 22. axb3 Ra2 23. Bb1 Bxd4+ 24. Kh1 Rxb2 25.
Bc2 Ra8 26. Qd3 Bf6 27. Ra1 Rxa1 28. Rxa1 Rxc2 29. Rg1 Rxg2 30. Rxg2 Qc6 0-1

[Event "Early-Titled-Tuesday-Blitz-February-20-2024"]
[Site "Chess.com"]
[Date "2024.02.20"]
[Round "2"]
[White "mertfelin"]
[Black "AlexanderKing"]
[Result "1-0"]
[WhiteElo "2352"]
[BlackElo "2645"]
[TimeControl "180+1"]
[EndTime "8:15:34 PST"]
[Termination "mertfelin won by resignation"]

1. e4 e6 2. d4 d5 3. Nd2 c5 4. Ngf3 Nc6 5. exd5 exd5 6. Bb5 Qe7+ 7. Qe2 Qxe2+ 8.
Bxe2 Bf5 9. c3 cxd4 10. cxd4 Nf6 11. O-O Bd6 12. Nb3 O-O 13. Bg5 Ne4 14. Be3 Rac8 15. Rac1 f6 16. a3 g5 17. Rfe1 Rfe8 18. Nfd2 Nxd2 19.
Nxd2 Nxd4 20. Bxd4 Rxc1 21. Rxc1 Rxe2 22. Nf3 Be4 23.
Bxf6 g4 24. Nd4 Rxb2 25. Nf5 Rb6 26. Nh6+ 1-0

[Event "Early-Titled-Tuesday-Blitz-February-20-2024"]
[Site "Chess.com"]
[Date "2024.02.20"]
[Round "2"]
[White "HamedWafa4"]
[Black "Smile2005"]
[Result "1-0"]
[WhiteElo "2717"]
[BlackElo "2404"]
[TimeControl "180+1"]
[EndTime "8:15:37 PST"]
[Termination "HamedWafa4 won by checkmate"]

1. e4 c5 2. Nc3 e6 3. Nf3 a6 4. g3 b5 5. Bg2 Bb7 6. d4 cxd4 7. Nxd4 Bc5 8. O-O Nc6 9. Nb3 Bb6 10. Nd5 exd5 11. exd5 Ne5 12. Re1 d6 13. Be3 Ne7 14. f4 Bxe3+ 15. Rxe3 Nf5 16. Re1 Qb6+ 17. Kh1 O-O 18. fxe5 dxe5 19. Rxe5 Ne3 20. Qg1 Rae8 21. Rxe8 Rxe8 22. Re1 Qh6 23. Nd4 Kf8 24. Nc6 Bxc6 25. dxc6 Qg5 26. c7 Rc8 27. Qxe3 Qxe3 28. Rxe3 Rxc7 29.
c3 f5 30. Bd5 g6 31. Kg2 Rd7 32. c4 bxc4 33. Bxc4 Rd2+ 34. Re2 Rd6 35. a4 a5 36.
b3 Kg7 37. Re5 Rd2+ 38. Kf3 Kf6 39. Rxa5 g5 40. h4 g4+ 41. Ke3 Rg2 42. Ra6+ Ke5 43. Re6# 1-0

[Event "Early-Titled-Tuesday-Blitz-February-20-2024"]
[Site "Chess.com"]
[Date "2024.02.20"]
[Round "2"]
[White "bulletteemo"]
[Black "cristiano78"]
[Result "1-0"]
[WhiteElo "2607"]
[BlackElo "2286"]
[TimeControl "180+1"]
[EndTime "8:15:38 PST"]
[Termination "bulletteemo won by checkmate"]

1. e4 c5 2. Nf3 d6 3. d4 cxd4 4.
Nxd4 Nf6 5. Nc3 g6 6. Be3 Bg7 7.
f3 O-O 8. Qd2 Nc6 9. O-O-O d5 10.
Nxc6 bxc6 11. Bh6 Qa5 12. e5 Nd7 13. Bxg7 Kxg7 14. h4 Rb8 15. h5 Qb4 16. b3 Rh8 17.
e6 fxe6 18. hxg6 Nf6 19. Bd3 d4 20. Qh6+ Kg8 21. gxh7+ Kf7 22. Bg6# 1-0

[Event "Early-Titled-Tuesday-Blitz-February-20-2024"]
[Site "Chess.com"]
[Date "2024.02.20"]
[Round "2"]
[White "ajedrez-facil"]
[Black "arenal72"]
[Result "0-1"]
[WhiteElo "2228"]
[BlackElo "2574"]
[TimeControl "180+1"]
[EndTime "8:15:39 PST"]
[Termination "arenal72 won by resignation"]

1. e4 d6 2. d4 Nf6 3. Nc3 e5 4.
dxe5 dxe5 5. Qxd8+ Kxd8 6. Bc4 Ke8 7. Be3 Bd6 8. Nf3 Ke7 9. Nd5+ Nxd5 10. Bxd5 c6 11. Bb3 Nd7 12. Ke2 f6 13. Rhd1 b6 14. Nh4 g6 15. g3 Nc5 16. Rd2 Nxe4 17. Rd3 Ba6 18. c4 Bc5 19. f3 Bxe3 20. Kxe3 Nc5 21. Rd2 Rad8 22. Rad1 Rxd2 23. Rxd2 Rd8 24. Rxd8 Kxd8 25. f4 exf4+ 26. gxf4 Ke7 27. Nf3 Kd6 28. h4 Bc8 29. Nd2 Bf5 30. Bd1 Nd3 31. b3 Nb4 32. a3 Nc2+ 33. Bxc2 Bxc2 34. b4 c5 35. Nf3 Ke6 36. bxc5 bxc5 37. Nh2 Kf5 0-1

[Event "Early-Titled-Tuesday-Blitz-February-20-2024"]
[Site "Chess.com"]
[Date "2024.02.20"]
[Round "2"]
[White "Jospem"]
[Black "yaguigor"]
[Result "1-0"]
[WhiteElo "3078"]
[BlackElo "2671"]
[TimeControl "180+1"]
[EndTime "8:15:45 PST"]
[Termination "Jospem won on time"]

1. e4 c5 2. Nf3 Nc6 3. c3 Nf6 4. Bd3 e5 5. Bc2 d5 6. exd5 Qxd5 7. Qe2 Bg4 8. d3 Bxf3 9. gxf3 g6 10.
Na3 Bg7 11. h4 Nh5 12. Be3 O-O 13. O-O-O Qxa2 14. Bxc5 Rfd8 15. Qe4 Qd5 16. Qxd5 Rxd5 17.
Be3 Rad8 18. Rhg1 h6 19. Bb3 Rxd3 20. Rxd3 Rxd3 21. Rxg6 Nf4 22. Rg4 Nd4 23. Bc4 Nde2+ 24. Kc2 Rd8 25. Bxa7 Rd7 26. h5 Kh7 27. Bxe2 Nxe2 28.
Be3 f5 29. Rg6 f4 30. Bd2 Rf7 31. Kd1 Rf5 32. Kxe2 Rxh5 33. Rg1 1-0

[Event "Early-Titled-Tuesday-Blitz-February-20-2024"]
[Site "Chess.com"]
[Date "2024.02.20"]
[Round "2"]
[White "N4700000"]
[Black "mjelcic"]
[Result "1-0"]
[WhiteElo "2482"]
[BlackElo "2181"]
[TimeControl "180+1"]
[EndTime "8:15:45 PST"]
[Termination "N4700000 won by resignation"]

1. e4 g6 2. d4 Bg7 3. Bc4 c5 4.
dxc5 Nc6 5. c3 Nf6 6. Qe2 O-O 7.
e5 Ne8 8. Nf3 a5 9. a4 d5 10.
exd6 exd6 11. Bg5 Bf6 12. Bxf6 Qxf6 13. Nbd2 dxc5 14. Ne4 Qe7 15. O-O Bg4 16. Rfe1 Ne5 17. Nf6+ Qxf6 18. Qxe5 Bxf3 19. Qxf6 Nxf6 20. gxf3 Rfe8 21.
Rxe8+ Rxe8 22. Rd1 Re7 23. Rd6 Rd7 24. Rxf6 Rd1+ 25.
Kg2 Kg7 26. Rxf7+ 1-0

[Event "Early-Titled-Tuesday-Blitz-February-20-2024"]
[Site "Chess.com"]
[Date "2024.02.20"]
[Round "2"]
[White "mishanick"]
[Black "SaqoChess_Twitch"]
[Result "1-0"]
[WhiteElo "3055"]
[BlackElo "2662"]
[TimeControl "180+1"]
[EndTime "8:15:46 PST"]
[Termination "mishanick won by checkmate"]

1. d4 d5 2. c4 e6 3. Nc3 Nf6 4. Bg5 Be7 5. e3 O-O 6. Nf3 h6 7. Bxf6 Bxf6 8. cxd5 exd5 9. Qb3 c6 10. Bd3 Nd7 11.
O-O Re8 12. h3 Nf8 13. Rfe1 Ne6 14. Nh2 g6 15. f4 h5 16. Nf3 Ng7 17. Ne5 Bf5 18.
Bxf5 Nxf5 19. Qxb7 Bxe5 20. fxe5 Rb8 21. Qxc6 Rxb2 22.
Nxd5 Re6 23. Nf6+ Kg7 24. Qe4 Ra6 25. Rf1 Raxa2 26. Rxa2 Rxa2 27. Rxf5 gxf5 28. Qxf5 Qh8 29. Nxh5+ Kg8 30. Qg4+ Kh7 31. Nf6+ Kh6 32. h4 Rxg2+ 33. Kxg2 Qg7 34. d5 a5 35. d6 a4 36. d7 a3 37.
d8=Q a2 38. Qh8+ Qxh8 39. Qg5# 1-0

[Event "Early-Titled-Tuesday-Blitz-February-20-2024"]
[Site "Chess.com"]
[Date "2024.02.20"]
[Round "2"]
[White "Vaathi_Coming"]
[Black "doctorcristian"]
[Result "1-0"]
[WhiteElo "2921"]
[BlackElo "2609"]
[TimeControl "180+1"]
[EndTime "8:15:46 PST"]
[Termination "Vaathi_Coming won by resignation"]

1. g3 g6 2. Bg2 Bg7 3. Nf3 c5 4.
c3 Nc6 5. d4 cxd4 6. cxd4 d5 7.
O-O Nh6 8. Na3 Nf5 9. Nc2 O-O 10. b3 b6 11. Bf4 a5 12. Rc1 Ba6 13. Re1 Rc8 14.
e3 e6 15. h4 Re8 16. h5 Bf6 17. g4 Nh4 18. Nxh4 Bxh4 19. Qf3 Qf6 20. a3 Bd3 21.
Qd1 Ba6 22. Bf1 Bxf1 23. Rxf1 g5 24. Bh2 Qd8 25. Ne1 f5 26. Nf3 Kh8 27. gxf5 g4 28. Ne5 Nxe5 29. Bxe5+ Kg8 30. Rxc8 Kf7 31. Rxd8 1-0

[Event "Early-Titled-Tuesday-Blitz-February-20-2024"]
[Site "Chess.com"]
[Date "2024.02.20"]
[Round "2"]
[White "krzysztofszczurek"]
[Black "Pikku_Myy73"]
[Result "1-0"]
[WhiteElo "2492"]
[BlackElo "2206"]
[TimeControl "180+1"]
[EndTime "8:15:46 PST"]
[Termination "krzysztofszczurek won on time"]

1. d4 d5 2. Nc3 Nf6 3. Bf4 c5 4. e3 e6 5. Nb5 Na6 6. h3 Be7 7. Nf3 O-O 8. c3 Ne4 9. Bd3 Bd7 10. a4 f5 11. Ne5 Bxb5 12. Bxb5 Nc7 13. Be2 Kh8 14. O-O Ne8 15. f3 N4f6 16. Bd3 Rc8 17. Kh1 Nd6 18. Qe2 Nd7 19. g4 Nxe5 20. Bxe5 Nf7 21.
Bh2 fxg4 22. hxg4 Bd6 23. Rf2 Kg8 24. Bxd6 Qxd6 25. Rh2 1-0

[Event "Early-Titled-Tuesday-Blitz-February-20-2024"]
[Site "Chess.com"]
[Date "2024.02.20"]
[Round "2"]
[White "TioCridineno"]
[Black "Rud_2008"]
[Result "0-1"]
[WhiteElo "2408"]
[BlackElo "2729"]
[TimeControl "180+1"]
[EndTime "8:15:47 PST"]
[Termination "Rud_2008 won by checkmate"]

1. e4 e5 2. Nf3 Nc6 3. Bb5 a6 4. Ba4 Nf6 5. O-O Be7 6. Re1 b5 7. Bb3 d6 8. c3 O-O 9. d4 Bg4 10. Be3 Bh5 11. Nbd2 Ng4 12. a4 Nxe3 13. fxe3 Na5 14.
Bc2 c5 15. Qe2 b4 16. Qf2 Qc7 17. d5 Rab8 18. Qg3 bxc3 19. bxc3 Rb2 20. Rec1 Rfb8 21. Nh4 c4 22. Nf5 Bf8 23. Nf3 Qc5 24. N3h4 Bg6 25. h3 Nb3 26. Bxb3 cxb3 27. Qg5 Rc2 28. Rxc2 bxc2 29.
Ne7+ Bxe7 30. Qxe7 c1=Q+ 31. Rxc1 Qxe3+ 32. Kh2 Qf4+ 33. g3 Qxc1 34. Qxd6 Rb2+ 35. Ng2 Rxg2+ 36. Kxg2 Bxe4+ 37. Kf2 Qd2+ 38. Kf1 Bd3+ 39. Kg1 Qe1+ 40. Kh2 Qf2+ 41. Kh1 Be4# 0-1

[Event "Early-Titled-Tuesday-Blitz-February-20-2024"]
[Site "Chess.com"]
[Date "2024.02.20"]
[Round "2"]
[White "thechesscorner64"]
[Black "Hudijegszid"]
[Result "0-1"]
[WhiteElo "2526"]
[BlackElo "2338"]
[TimeControl "180+1"]
[EndTime "8:15:51 PST"]
[Termination "Hudijegszid won by resignation"]

1. e4 c6 2. Nf3 d5 3. d3 dxe4 4. Ng5 Nf6 5. Nc3 exd3 6. Bxd3 e5 7. Qe2 Bd6 8. Bd2 O-O 9. O-O-O Qe7 10. h4 b5 11.
Nce4 Nxe4 12. Bxe4 f5 13. Bf3 e4 14. Rhe1 h6 15.
Bh5 hxg5 16. hxg5 Qe6 17. Bc3 Nd7 18. g6 Be5 19. Bxe5 Nxe5 20. Kb1 Nxg6 21. Qe3 Ne5 22.
Rh1 Nc4 23. Qh3 Qf6 24. c3 f4 25. Rd4 Bxh3 0-1

[Event "Early-Titled-Tuesday-Blitz-February-20-2024"]
[Site "Chess.com"]
[Date "2024.02.20"]
[Round "2"]
[White "Kgutierrez95"]
[Black "WiseKing_08"]
[Result "0-1"]
[WhiteElo "2114"]
[BlackElo "2443"]
[TimeControl "180+1"]
[EndTime "8:15:56 PST"]
[Termination "WiseKing_08 won by checkmate"]

1. e4 c6 2. d4 d5 3. Nd2 dxe4 4. Nxe4 Bf5 5. Ng3 Bg6 6. h4 h6 7. h5 Bh7 8. Nf3 Nd7 9. Bd3 Bxd3 10. Qxd3 e6 11.
Bf4 Ngf6 12. O-O-O Be7 13. Rhe1 O-O 14. Kb1 c5 15.
Ne4 Rc8 16. Nd6 Rc6 17. Nc4 Nd5 18. Bg3 b5 19. Nce5 Nxe5 20. Nxe5 Rb6 21. Qf3 c4 22. Qg4 Bf6 23. f4 c3 24. b3 Qd6 25. Nd3 Qa3 26.
Qe2 Ra6 27. Nc1 Qb2# 0-1

[Event "Early-Titled-Tuesday-Blitz-February-20-2024"]
[Site "Chess.com"]
[Date "2024.02.20"]
[Round "2"]
[White "AvitalBor"]
[Black "nicolasbatista3"]
[Result "1-0"]
[WhiteElo "2750"]
[BlackElo "2419"]
[TimeControl "180+1"]
[EndTime "8:15:58 PST"]
[Termination "AvitalBor won by checkmate"]

1. a3 d5 2. d4 c5 3. dxc5 a5 4. c4 e6 5. cxd5 exd5 6. Nc3 Be6 7. e4 d4 8. Nb5 Bxc5 9. Bf4 Na6 10. Nf3 Nf6 11.
Nbxd4 O-O 12. Nxe6 fxe6 13. Bd3 Nxe4 14. Bxe4 Rxf4 15. Bxb7 Bb6 16. Qxd8+ Rxd8 17. Bxa6 g5 18. h3 h5 19. Rd1 Rdf8 20. Rd6 Bc5 21. Rxe6 g4 22. hxg4 hxg4 23. Bc4 Kg7 24. Ne5 Bxf2+ 25. Ke2 Re4+ 26. Kd3 Re3+ 27. Kc2 Rf5 28. Rg6+ Kf8 29.
Rh8+ Ke7 30. Re6# 1-0

[Event "Early-Titled-Tuesday-Blitz-February-20-2024"]
[Site "Chess.com"]
[Date "2024.02.20"]
[Round "2"]
[White "MightyGMpretender"]
[Black "ChessRespected"]
[Result "1-0"]
[WhiteElo "2873"]
[BlackElo "2587"]
[TimeControl "180+1"]
[EndTime "8:15:59 PST"]
[Termination "MightyGMpretender won on time"]

1. e4 e5 2. Nf3 Nc6 3. Bc4 Bc5 4. d3 Nf6 5. Nc3 d6 6. h3 Na5 7. Bb3 Nxb3 8. axb3 a6 9. O-O O-O 10. Bg5 h6 11.
Bh4 c6 12. Kh1 Kh7 13. d4 exd4 14. Nxd4 Re8 15. f4 Kg8 16. Nf3 g5 17. fxg5 Nxe4 18. gxh6 f6 19. Nd2 Nxd2 20. Qxd2 Be3 21. Qd3 Qd7 22.
Qg6+ 1-0

[Event "Early-Titled-Tuesday-Blitz-February-20-2024"]
[Site "Chess.com"]
[Date "2024.02.20"]
[Round "2"]
[White "RantomOpening"]
[Black "TimAina"]
[Result "0-1"]
[WhiteElo "2548"]
[BlackElo "2779"]
[TimeControl "180+1"]
[EndTime "8:15:59 PST"]
[Termination "TimAina won by resignation"]

1. c4 c5 2. Nf3 Nf6 3. Nc3 e6 4.
e3 d5 5. cxd5 exd5 6. Bb5+ Bd7 7. Bxd7+ Nbxd7 8. d3 Be7 9. O-O O-O 10. e4 d4 11. Ne2 Re8 12. Ng3 Bf8 13. Ne1 b5 14. f4 c4 15. e5 Nd5 16. dxc4 bxc4 17. Kh1 d3 18. b3 Nc5 19. bxc4 Nb6 20. Be3 Nxc4 21. Bxc5 d2 22. Bxf8 Ne3 23. Qe2 Nxf1 24. Nxf1 dxe1=Q 25. Rxe1 Rxf8 26. e6 fxe6 27. Qxe6+ Kh8 28.
Qg4 Qd4 29. Re7 Rxf4 30. Qe2 Raf8 31. Ng3 Qa1+ 32. Qe1 Rf1+ 0-1

[Event "Early-Titled-Tuesday-Blitz-February-20-2024"]
[Site "Chess.com"]
[Date "2024.02.20"]
[Round "2"]
[White "Goryachkina"]
[Black "GAusal"]
[Result "1/2-1/2"]
[WhiteElo "2706"]
[BlackElo "2300"]
[TimeControl "180+1"]
[EndTime "8:16:00 PST"]
[Termination "Game drawn by agreement"]

1. e4 c5 2. Nf3 e6 3. d4 cxd4 4. Nxd4 a6 5. Bd3 Nc6 6. Nxc6 bxc6 7. O-O d5 8. Nc3 Nf6 9. Qe2 Bb4 10. Bd2 Be7 11.
Rad1 O-O 12. b3 a5 13. Kh1 Qb6 14. Na4 Qc7 15. c4 d4 16. e5 Nd7 17. f4 g6 18. Be4 Rb8 19. Rf3 c5 20. Rh3 Bb7 21. Nb2 Bxe4 22. Qxe4 Qb7 23. Qe1 a4 24. Nxa4 h5 25.
Qe2 Nb6 26. Nxb6 Qxb6 27. Be1 Kg7 28. Rhd3 Ra8 29. a4 Rab8 30. Qf3 Qb7 31. Qxb7 Rxb7 32. Bd2 Rfb8 33. Rb1 Ra7 34. Ra1 Bd8 35. Kg1 Ba5 36. Bxa5 Rxa5 37. Kf2 Ra7 38. Ke2 Rb4 39. Kd2 Ra5 40. Kc2 Kf8 41. g3 Kg7 42. h3 Rb8 43.
Rf1 Ra7 1/2-1/2

[Event "Early-Titled-Tuesday-Blitz-February-20-2024"]
[Site "Chess.com"]
[Date "2024.02.20"]
[Round "2"]
[White "Young_Catalan_Player09"]
[Black "NewBornNow"]
[Result "0-1"]
[WhiteElo "2553"]
[BlackElo "2793"]
[TimeControl "180+1"]
[EndTime "8:16:01 PST"]
[Termination "NewBornNow won by resignation"]

1. Nf3 c5 2. c4 Nc6 3. Nc3 g6 4. d4 cxd4 5. Nxd4 Bg7 6. Nc2 Nf6 7. g3 d6 8. Bg2 h5 9. h4 O-O 10. O-O Be6 11. b3 Qd7 12. Bb2 Bh3 13. Ne3 Bxg2 14. Kxg2 e6 15. Qd2 Rfd8 16. Rfd1 a6 17. Rac1 Rac8 18.
Na4 Qe7 19. Ba3 Ne8 20. Nb6 Rb8 21. Qc2 Qc7 22. Na4 Nd4 23. Qe4 Qc6 24. Qxc6 bxc6 25.
Nc2 Nxe2 26. Rb1 Nc3 27. Nxc3 Bxc3 28. Rd3 Bg7 29. Rbd1 d5 30. Nb4 Rdc8 31. Nc2 a5 32. f3 Ra8 33. Bc5 a4 34. b4 dxc4 35. Rd7 Nf6 36. Ne3 Nxd7 37. Rxd7 c3 38. g4 Rd8 0-1

[Event "Early-Titled-Tuesday-Blitz-February-20-2024"]
[Site "Chess.com"]
[Date "2024.02.20"]
[Round "2"]
[White "waspofborneo"]
[Black "Magic-Nelwyn"]
[Result "0-1"]
[WhiteElo "2183"]
[BlackElo "2485"]
[TimeControl "180+1"]
[EndTime "8:16:02 PST"]
[Termination "Magic-Nelwyn won by resignation"]

1. e4 d6 2. d4 g6 3. Bc4 Nf6 4. Nc3 Bg7 5. Nf3 O-O 6. O-O Bg4 7. h3 Bxf3 8. Qxf3 Nc6 9. Be3 e5 10. d5 Nd4 11. Bxd4 exd4 12. Ne2 Re8 13. Bd3 Nd7 14.
Qg3 Nc5 15. Qg4 h5 16. Qf3 Qe7 17. Rfe1 Nxe4 18. Nxd4 Nd2 19. Qf4 Qxe1+ 20. Rxe1 Rxe1+ 21. Kh2 Be5 0-1

[Event "Early-Titled-Tuesday-Blitz-February-20-2024"]
[Site "Chess.com"]
[Date "2024.02.20"]
[Round "2"]
[White "Alexchess1984"]
[Black "Zhigalko_Sergei"]
[Result "1-0"]
[WhiteElo "2631"]
[BlackElo "2927"]
[TimeControl "180+1"]
[EndTime "8:16:07 PST"]
[Termination "Alexchess1984 won on time"]

1. e4 c5 2. c3 Nf6 3. e5 Nd5 4. Bc4 Nb6 5. Bb3 c4 6. Bc2 d6 7. exd6 Qxd6 8. Nf3 Qe6+ 9. Kf1 Nc6 10. Na3 Qd5 11. Qe2 Bg4 12. Be4 Qc5 13. b4 cxb3 14. Nb5 Rc8 15. Ba3 b2 16. Rb1 Qc4 17. Rxb2 1-0

[Event "Early-Titled-Tuesday-Blitz-February-20-2024"]
[Site "Chess.com"]
[Date "2024.02.20"]
[Round "2"]
[White "Abund"]
[Black "tgpgoat"]
[Result "1-0"]
[WhiteElo "2777"]
[BlackElo "2547"]
[TimeControl "180+1"]
[EndTime "8:16:07 PST"]
[Termination "Abund won by resignation"]

1. e4 c5 2. Nf3 e6 3. c3 Nf6 4. e5 Nd5 5. g3 Nc6 6. Bg2 d6 7. exd6 Bxd6 8. O-O O-O 9. d4 b6 10. c4 Nde7 11. Nc3 Bb7 12. dxc5 Bxc5 13. Qe2 Nd4 14.
Nxd4 Bxg2 15. Rd1 Bxd4 16. Kxg2 Nc6 17. Nb5 e5 18. Qe4 Qd7 19. Be3 Rad8 20. Rd2 a6 21. Nxd4 exd4 22. Bf4 Rfe8 23. Qf3 d3 24. Rad1 Nd4 25.
Rxd3 h6 26. Rxd4 1-0

[Event "Early-Titled-Tuesday-Blitz-February-20-2024"]
[Site "Chess.com"]
[Date "2024.02.20"]
[Round "2"]
[White "lluiss"]
[Black "ozen_metehan"]
[Result "0-1"]
[WhiteElo "2185"]
[BlackElo "2484"]
[TimeControl "180+1"]
[EndTime "8:16:07 PST"]
[Termination "ozen_metehan won on time"]

1. e4 c5 2. Nf3 Nc6 3. d4 cxd4 4. Nxd4 Nf6 5. Nc3 h5 6. Bg5 Qa5 7. Bxf6 gxf6 8. Bc4 d6 9. Bb3 Bd7 10. Ne2 e6 11. a3 O-O-O 12. Nf4 h4 13. Nd3 h3 14. g3 Bg7 15. Bc4 f5 16. Nb4 Nxb4 17. axb4 Qxb4 18. Bb3 Bxc3+ 19. bxc3 Qxc3+ 20. Kf1 Bb5+ 21. Kg1 Be2 0-1

[Event "Early-Titled-Tuesday-Blitz-February-20-2024"]
[Site "Chess.com"]
[Date "2024.02.20"]
[Round "2"]
[White "javierfreilemartin"]
[Black "Casper"]
[Result "0-1"]
[WhiteElo "2304"]
[BlackElo "2534"]
[TimeControl "180+1"]
[EndTime "8:16:10 PST"]
[Termination "Casper won by checkmate"]

1. c4 Nc6 2. Nc3 e5 3. Nf3 Bb4 4. Qc2 Nf6 5. d3 O-O 6. Bd2 d5 7. cxd5 Nxd5 8. e3 Bg4 9. Be2 f5 10. h3 Bh5 11. a3 Bxc3 12. bxc3 Kh8 13. c4 Nf6 14. Bc3 Qe7 15. O-O Rae8 16. Rab1 b6 17. Qa4 Qd7 18. Rfe1 e4 19. dxe4 fxe4 20. Nh2 Bxe2 21.
Rxe2 Ne5 22. Qc2 Nd3 23. c5 Nxc5 24. Rb4 Nd3 25. Rd4 Qf5 26. Ng4 Nxg4 27. hxg4 Qxg4 28. f3 Qg3 29. Rxe4 Rxe4 30. fxe4 Ne5 31. Bd4 Ng4 32. Qc6 Qh2# 0-1

[Event "Early-Titled-Tuesday-Blitz-February-20-2024"]
[Site "Chess.com"]
[Date "2024.02.20"]
[Round "2"]
[White "klimkoj"]
[Black "biostatistician"]
[Result "1-0"]
[WhiteElo "2877"]
[BlackElo "2588"]
[TimeControl "180+1"]
[EndTime "8:16:11 PST"]
[Termination "klimkoj won on time"]

1. d4 Nf6 2. Nf3 g6 3. Bf4 Bg7 4. e3 O-O 5. h3 c5 6. c3 b6 7. Nbd2 Bb7 8. Bd3 Nc6 9. O-O d5 10.
Bh2 Nd7 11. Qe2 e5 12. dxe5 Ndxe5 13. Ba6 Qc8 14. Bxb7 Qxb7 15. Rad1 Rad8 16. Bg3 Rfe8 17. Nxe5 Nxe5 18. Nf3 d4 19. Bxe5 Bxe5 20. cxd4 cxd4 21.
Qb5 a6 22. Qb3 Bf6 23. exd4 Re2 24. a4 Qd5 25. Qxb6 Rd6 26. Qb4 a5 27. Qc3 Rc6 28.
Qa3 1-0

[Event "Early-Titled-Tuesday-Blitz-February-20-2024"]
[Site "Chess.com"]
[Date "2024.02.20"]
[Round "2"]
[White "Jamal-Jamal-Jamal"]
[Black "MasterKroket"]
[Result "0-1"]
[WhiteElo "2258"]
[BlackElo "2513"]
[TimeControl "180+1"]
[EndTime "8:16:12 PST"]
[Termination "MasterKroket won by resignation"]

1. d4 Nf6 2. f3 d5 3. e4 dxe4 4.
fxe4 Nxe4 5. Nc3 Nxc3 6. bxc3 g6 7. Nf3 Bg7 8. Bc4 O-O 9. O-O Nc6 10. Ng5 e6 11.
Ba3 Qxg5 12. Bxf8 Kxf8 13. Qf3 Qe7 14. Rae1 Na5 15. Bd3 Bd7 16. Kh1 Bc6 17. Qh3 Kg8 18.
Rf2 Bd5 19. Ref1 Rf8 20. Rb1 b6 21. Rb4 c5 22. dxc5 bxc5 23. Ra4 Nc6 24. Ra6 Ne5 25. Rf1 Qb7 26. Ra5 c4 27. Be2 Nc6 28. Ra4 Ne5 29. Rb4 Qa6 30. Rfb1 Qxa2 31. R4b2 Qa4 32.
Qg3 h6 33. h3 Nc6 34. Rb7 Qxc2 35. R1b2 Qc1+ 36. Kh2 Be5 0-1

[Event "Early-Titled-Tuesday-Blitz-February-20-2024"]
[Site "Chess.com"]
[Date "2024.02.20"]
[Round "2"]
[White "A-Fier"]
[Black "OneTrickPony_82"]
[Result "1-0"]
[WhiteElo "2795"]
[BlackElo "2554"]
[TimeControl "180+1"]
[EndTime "8:16:13 PST"]
[Termination "A-Fier won by checkmate"]

1. d4 Nf6 2. Bg5 d5 3. Bxf6 exf6 4. e3 Be6 5. g3 Nd7 6. Bg2 c6 7. Ne2 Bd6 8. Nd2 Qe7 9. b3 h5 10. h4 f5 11. c4 Nf6 12. c5 Bc7 13. b4 a6 14. Nf4 Bxf4 15. gxf4 Ne4 16. Qb3 O-O 17. Ke2 Rfe8 18. Bf3 g6 19. Bg2 Bd7 20. a4 Kh7 21.
Nf3 f6 22. Rhb1 Rg8 23. Qd3 Qe6 24. Ne1 g5 25. hxg5 fxg5 26. fxg5 Rxg5 27. Bf3 Kh6 28. Ng2 f4 29. Nxf4 Qf6 30. Rh1 Bf5 31. Qb3 Bg4 32. Bxg4 Rxg4 33. Rxh5+ Kg7 34. Rah1 Rg8 35. Rxd5 Rxf4 36.
Rd7+ Kf8 37. exf4 Qxf4 38. Qf3 Qxf3+ 39. Kxf3 Nc3 40. Rhh7 Nd5 41. Rd8# 1-0